 Dungeon Crawl Stone Soup version 0.31.0-12-g77e489cdc1 (webtiles) character file.

Game seed: 15309322672008449559

22 H0rd4k the Charlatan (level 2, -1/18 HPs)
             Began as an Octopode Artificer on Mar 7, 2024.
             Slain by a jackal (3 damage)
             ... on level 1 of the Dungeon.
             The game lasted 00:00:39 (453 turns).

H0rd4k the Charlatan (Octopode Artificer)            Turns: 453, Time: 00:00:40

Health: -1/18      AC:  1    Str: 11    XL:     2   Next: 91%
Magic:  2/2        EV: 13    Int: 13    God:
Gold:   12         SH:  0    Dex: 12    Spells: 1/1 levels left

rFire   . . .        (no weapon)
rCold   . . .        (no shield)
rNeg    . . .        (helmet restricted)
rPois   .            (no amulet)
rElec   .            (no ring)
rCorr   .            (no ring)
SInv    .            (no ring)
Will    .....        (no ring)
Stlth   +++          (no ring)
HPRegen 0.23/turn    (no ring)
MPRegen 0.08/turn    (no ring)
                     (no ring)

%: no passive effects
@: no status effects
A: almost no armour, amphibious, 8 rings, camouflage 1, gelatinous body 1,
(nimble swimmer 1), tentacles
a: no special abilities


You were on level 1 of the Dungeon.
You visited 1 branch of the dungeon, and saw 1 of its levels.

You collected 12 gold pieces.

Inventory:

Jewellery
 f - a ring of see invisible
Wands
 b - a wand of flame (15) (quivered)
 c - a wand of charming (15)
 d - a wand of iceblast (5)
Scrolls
 a - 2 scrolls of identify {unknown}
 e - a scroll of teleportation {unknown}
Potions
 g - a potion of mutation {unknown}


   Skills:
 + Level 1.0 Fighting
 + Level 3.0 Dodging
 + Level 1.6 Stealth
 + Level 0.4 Unarmed Combat
 + Level 3.7 Evocations


You had one spell level left.
You didn't know any spells.
Your spell library was empty.

Dungeon Overview and Level Annotations

Branches:
Dungeon (1/15)

Altars:


Innate Abilities, Weirdness & Mutations

You cannot wear most types of armour.
You are amphibious.
You can wear up to eight rings at the same time.
Your skin changes colour to match your surroundings (Stealth+).
Your rubbery body absorbs attacks. (AC +1, EV +1)
((You are camouflaged when in or above water. (Stealth+)))
You have tentacles for arms and can constrict up to eight enemies at once.


Message History

You closely miss the jackal. Your grab misses the jackal.
You squeeze the jackal, but do no damage.
The jackal barely misses you.
The frilled lizard bites you but does no damage.
You closely miss the jackal. You grab the jackal.
You constrict the jackal, but do no damage.
The jackal barks!
The jackal bites you. The jackal barely misses you.
The frilled lizard misses you.
You barely miss the jackal.
You constrict the jackal, but do no damage.
The jackal bites you.
There are monsters nearby!
You are too injured to fight recklessly!
There are monsters nearby!
You are too injured to fight recklessly!
There are monsters nearby!
You are too injured to fight recklessly!
You release your grip on the jackal.
The frilled lizard bites you.
A kobold comes into view. It is wielding a +0 short sword.
The jackal bites you.
* * * LOW HITPOINT WARNING * * *
The jackal misses you.
You miss the frilled lizard. You grab the frilled lizard.
You constrict the frilled lizard.
You kill the frilled lizard!
The jackal bites you.
* * * LOW HITPOINT WARNING * * *
Your Dodging skill increases to level 3!
You closely miss the jackal. You grab the jackal.
You squeeze the jackal, but do no damage.
You constrict the jackal.
The jackal escapes!
You tentacle-slap the jackal but do no damage.
Your grab misses the jackal. Your squeeze misses the jackal.
The jackal bites you.
* * * LOW HITPOINT WARNING * * *
The jackal bites you but does no damage.
The jackal bites you.
You die...

..#.###...#...........† #
###.#.##...........###...
#.. ........###...###.#
#... #...###...##.#G#...#
#.# #...
#.........##.###...###.#
#...
#.....†...##...........#
#...
##.###.#.K.#....._.....#
#... #.#.#.hh..........#
#### ....###@###...###.#
##$### #.# #...#G#.## #.
#.###...###..# ## #.
#............# ##. #.
###..........###..
+.........+.....
#.........####..
##.......## ##. ##.....##
#..


You could see a golden eye, 2 jackals and a kobold.

Vanquished Creatures
  2 dart slugs (D:1)
  4 bats (D:1)
  2 endoplasms (D:1)
  A goblin (D:1)
  A hobgoblin (D:1)
  A jackal (D:1)
  2 quokkas (D:1)
  A ball python (D:1)
  2 frilled lizards (D:1)
  A rat (D:1)
17 creatures vanquished.

Notes
Turn   | Place    | Note
-------+----------+-------------------------------------------
     0 | D:1      | H0rd4k the Octopode Artificer began the quest for the Orb.
     0 | D:1      | Reached XP level 1. HP: 13/13 MP: 1/1
   123 | D:1      | Reached XP level 2. HP: 16/18 MP: 2/2
   329 | D:1      | Found a faded altar of an unknown god.
   330 | D:1      | Noticed a golden eye
   424 | D:1      | Noticed a great orb of eyes
   453 | D:1      | Slain by a jackal

Illustrated notes

Levels and vault maps discovered:
D:1:      orjb1_lava_funnel, layout_loops_corners,
          hellmonk_ecumenical_altar_watching_god, serial_shops, shop

Skill      XL: |  1  2 |
---------------+-------+-----
Dodging        | 3 |  3.0
Fighting       | |  1.0
Stealth        | |  1.6
Unarmed Combat | |  0.4
Evocations     | |  3.7

Action                     || total
---------------------------++-------
  Melee: Unarmed           ||    47
         Tentacles         ||     8
         Constrict         ||    16
   Stab: Sleeping          ||     3
 Armour: Skin              ||    24
  Dodge: Dodged            ||    35
